AoeStats
← Tsimentopoulos

Lombardia

509884060Analyzed
3v3 RM · 5d ago on Sep 28, 2026· 51m 24s· 6 players
Game mode
Random Map
Map size
Normal (6 player)
Population
200
Speed
Normal
Resources
Standard
Victory
Conquest
Starting age
Dark Age
Ending age
Imperial Age
RankedLock teamsTeams togetherTeam positionsShared explorationLock speedFull tech treeHidden civsTurbo modeCheats
Victory
Defeat
🇬🇧 Celts · United Kingdom
1098
+16
🇬🇧 Spanish · United Kingdom
1054
+18
🇬🇧 Persians · United Kingdom
1033
+19
🇬🇷 Maya · Greece
1124
-19
🇬🇷 Spanish · Greece
1113
-18
🇬🇷 Celts · Greece
1057
-16
Tsimentopoulos
11:44 Feudal Age
10:23 Loom
16:02 Castle Age
15:16 Double-Bit Axe
17:24 Bow Saw
18:31 Horse Collar
19:12 Heavy Plow
22:30 Scale Barding Armor
30:08 Chain Barding Armor
29:59 Forging
31:21 Wheelbarrow
35:16 Husbandry
41:31 Hand Cart
43:48 Stone Mining
43:38 Elite Skirmisher
44:23 Thumb Ring
51:39 Imperial Age
49:58 Bloodlines
dripped fly lo
12:24 Feudal Age
16:44 Castle Age
16:05 Double-Bit Axe
18:24 Man-at-Arms
18:51 Gambesons
20:42 Horse Collar
21:16 Bow Saw
22:01 Forging
21:52 Scale Mail Armor
22:49 Heavy Plow
26:03 Long Swordsman
27:33 Chain Mail Armor
32:21 Wheelbarrow
34:15 Loom
39:44 Imperial Age
41:02 Plate Mail Armor
41:07 Iron Casting
39:57 Two-Handed Swordsman
41:58 Champion
44:04 Blast Furnace
44:18 Onager
45:58 Hand Cart
Fly Lo
0:38 Loom
11:44 Feudal Age
12:27 Double-Bit Axe
20:57 Castle Age
20:12 Fletching
22:27 Thumb Ring
22:46 Bow Saw
25:49 Horse Collar
26:01 Horse Collar
30:10 Wheelbarrow
30:57 Gold Mining
31:17 Crossbowman
32:21 Bodkin Arrow
32:58 Padded Archer Armor
32:43 Elite Skirmisher
34:16 Hul'che Javelineers
35:18 Leather Archer Armor
35:06 Stone Mining
36:06 Ballistics
36:45 Hand Cart
41:59 Imperial Age
43:45 Chemistry
42:40 Elite Plumed Archer
45:04 Conscription
46:19 Two-Man Saw
46:50 Arbalester
48:14 Bracer
48:45 Ring Archer Armor
CrusadingChicken
7:28 Loom
10:15 Feudal Age
11:10 Double-Bit Axe
10:48 Man-at-Arms
11:14 Arson
15:48 Horse Collar
20:04 Castle Age
18:43 Fletching
18:54 Scale Mail Armor
19:07 Forging
20:52 Long Swordsman
21:17 Gambesons
30:13 Stone Mining
30:15 Gold Mining
33:04 Pikeman
35:20 Chain Mail Armor
41:40 Imperial Age
40:11 Gold Shaft Mining
41:47 Onager
42:00 Heavy Scorpion
Alex43LUFC
10:21 Feudal Age
11:05 Loom
13:15 Double-Bit Axe
16:18 Castle Age
15:44 Fletching
19:06 Bodkin Arrow
20:46 Padded Archer Armor
26:05 Leather Archer Armor
25:13 Elite Skirmisher
30:26 Scale Barding Armor
30:33 Forging
30:39 Bloodlines
30:32 Husbandry
31:11 Horse Collar
40:13 Imperial Age
39:26 Bloodlines
39:30 Kamandaran
41:04 Chain Barding Armor
40:18 Crossbowman
41:16 Bow Saw
41:54 Wheelbarrow
41:20 Gold Mining
44:05 Plate Barding Armor
46:34 Cavalier
50:16 Gold Shaft Mining
50:46 Thumb Ring
51:34 Ballistics
52:15 Chemistry
DAREDEVILINRED
11:13 Feudal Age
12:39 Wheelbarrow
12:06 Double-Bit Axe
17:42 Castle Age
16:39 Stone Mining
17:20 Horse Collar
19:13 Gold Mining
19:40 Bow Saw
21:18 Fletching
24:29 Ballistics
25:55 Stone Shaft Mining
25:56 Bodkin Arrow
32:14 Padded Archer Armor
37:54 Imperial Age
38:45 Bracer
39:01 Leather Archer Armor
38:30 Elite Conquistador
39:51 Conscription
40:53 Hand Cart
40:24 Loom
42:27 Chemistry
41:24 Murder Holes
44:54 Ring Archer Armor
44:25 Scale Mail Armor
44:32 Scale Barding Armor
Connection lost

Rejoining the realm…

Still unreachable

The connection could not be restored.

Session expired

The server has moved on; the page needs a fresh start.